 Dungeon Crawl Stone Soup version 0.24.0-123-gd5b16e6ec5 (webtiles) character file.

Game seed: 17620481175422974456, levelgen mode: deterministic

22422 Bluestream the Fighter (level 12, -50/118 HPs)
             Began as a Minotaur Berserker on Jan 31, 2020.
             Was a High Priest of Trog.
             Killed from afar by a blizzard demon (63 damage)
             ... with a freezing blast
             ... on level 2 of the Abyss on Feb 1, 2020.
             The game lasted 00:52:17 (15289 turns).

Bluestream the Fighter (Minotaur Berserker)        Turns: 15289, Time: 00:52:18

Health: -50/118    AC: 21    Str: 28    XL:     12   Next: 62%
Magic:  0/11       EV: 13    Int:  8    God:    Trog [*****.]
Gold:   833        SH:  0    Dex: 10    Spells: 11/11 levels left

rFire    + . .     SeeInvis .   w - +7 great mace of the Dozen Songs {crush, Stlth+}
rCold    x . .     Gourm    .   (shield currently unavailable)
rNeg     + . .     Faith    .   n - +7 chain mail of Awnomekk {Str+4 Int+4 Dex-3}
rPois    .         Spirit   +   (helmet restricted)
rElec    .         Reflect  .   x - +0 cloak
rCorr    .         Harm     .   O - +0 pair of gloves
MR       .....                  (no boots)
Stlth    ..........             P - amulet of guardian spirit
HPRegen  0.29/turn              A - ring of positive energy
MPRegen  0.12/turn              u - ring of fire

@: no status effects
A: retaliatory headbutt, horns 2
a: Berserk, Trog's Hand, Brothers in Arms, Renounce Religion


You were on level 2 of the Abyss.
You worshipped Trog.
Trog was extremely pleased with you.
You were not hungry.

You visited 2 branches of the dungeon, and saw 13 of its levels.
You visited the Abyss 1 time.
You also visited: Volcano.

You collected 833 gold pieces.

Inventory:

Hand Weapons
 a - a +2 mace of holy wrath
 k - a +0 mace of crushing
 s - a +0 morningstar
 w - the +7 great mace of the Dozen Songs (weapon) {crush, Stlth+}
   (Trog gifted it to you on level 2 of the Abyss)

   It inflicts extra damage upon your enemies.
   It makes you more stealthy.
 Y - a +1 demon whip of flaming
Armour
 n - the +7 chain mail of Awnomekk (worn) {Str+4 Int+4 Dex-3}
   (You found it on level 2 of the Abyss)

   It affects your strength (+4).
   It affects your intelligence (+4).
   It affects your dexterity (-3).
 q - a +1 ring mail of fire resistance
 x - a +0 cloak (worn)
 O - a +0 pair of gloves (worn)
 W - a +1 plate armour of fire resistance
Jewellery
 e - an uncursed ring of stealth
 i - an uncursed ring of see invisible {unknown}
 r - an uncursed ring of ice
 u - a ring of fire (right hand)
 A - a ring of positive energy (left hand)
 I - an uncursed ring of flight
 P - an amulet of guardian spirit (around neck)
Wands
 z - a wand of disintegration (25)
 F - a wand of flame (21)
 G - a wand of digging (4)
 H - a wand of polymorph (14)
 K - a wand of iceblast (12)
 M - a wand of acid (12)
 N - a wand of enslavement (4)
 S - a wand of paralysis (3)
Scrolls
 b - a scroll of fog
 d - 3 scrolls of magic mapping {unknown}
 p - 4 scrolls of random uselessness
 y - a scroll of teleportation
 E - 2 scrolls of identify
 J - 2 scrolls of remove curse
 L - a scroll of vulnerability {unknown}
 R - a scroll of brand weapon {unknown}
 T - 2 scrolls of enchant armour {unknown}
 V - 2 scrolls of immolation {unknown}
 Z - a scroll of torment {unknown}
Potions
 f - 2 potions of degeneration
 g - 2 potions of lignification {unknown}
 h - 4 potions of invisibility
 j - 6 potions of mutation
 o - 8 potions of brilliance
 t - 2 potions of cancellation {unknown}
 v - a potion of flight {unknown}
 B - 2 potions of magic {unknown}
 C - a potion of agility {unknown}
 Q - a potion of haste
 U - a potion of might {unknown}
 X - a potion of resistance {unknown}
Comestibles
 c - 23 rations


   Skills:
 * Level 14.6 Fighting
 * Level 14.5 Maces & Flails
 + Level 10.6 Armour
 + Level 9.8 Dodging


You had 11 spell levels left.
You didn't know any spells.
Your spell library was empty.

Dungeon Overview and Level Annotations

Branches:
Dungeon (11/15)            Temple (0/1) D:4            Lair (2/6) D:8
Volcano (visited)
  Swamp: Lair:2-4    Shoals: Lair:2-4     Snake: Lair:2-4    Spider: Lair:2-4
    Orc: D:9-12

Altars:
Ashenzari
Makhleb
Nemelex Xobeh
Ru
Sif Muna
Zin

Shops:
D:6 :

Portals:
Gauntlet: D:11


Innate Abilities, Weirdness & Mutations

You reflexively headbutt those who attack you in melee.
You have a pair of horns on your head.


Message History

The large abomination hits you but does no damage.
The large abomination hits you but does no damage.
You bludgeon the large abomination!!
The large abomination is heavily damaged.
The large abomination hits you!!
* * * LOW HITPOINT WARNING * * *
You thump the large abomination!
The large abomination is almost destroyed.
The large abomination hits you!
* * * LOW HITPOINT WARNING * * *
You hammer the large abomination like a gong!!!
You destroy the large abomination!
Trog accepts your kill.
You start resting.
The blizzard demon is too close now for your liking.
Okay, then.
The blizzard demon gestures at you. The freezing blast engulfs you!!!
You feel a terrible chill!
Ouch! That really hurt!
You die...

. ≈ ☼ ≈≈
....###........
. ≈ .≈○○
≈#....##........
... ○°. .
..###..........
##...(###..
#.##..#..#. .
#.. ### ######.
#........ ..###
#...#........ #
##...... .#
##2#.... ..
#.@#.......#
##.#....... ###
......# ...
#...# ...# ...#
..# ..


You could see a blizzard demon.

Vanquished Creatures
  A tentacled starspawn (Abyss:2)
  A very ugly thing (Abyss:2)
  A great orb of eyes (Abyss:2)
  A dancing weapon (Volcano)
  2 two-headed ogres
  A thrashing horror (Abyss:2)
  An unseen horror (D:9)
  2 wizards (Volcano)
  An orc sorcerer (Abyss:2)
  3 large abominations (Abyss:2)
  2 toenail golems (Volcano)
  Maurice (D:9)
  Joseph (D:7)
  A smoke demon (Abyss:2)
  A rust devil (Abyss:2)
  A gargoyle (D:10)
  2 spiny frogs
  2 ancient zymes (Abyss:2)
  A hippogriff (D:11)
  2 vampires
  13 yaks
  A human (D:7)
  2 hungry ghosts (D:10)
  A fire elemental (Lair:2)
  3 hogs (D:7)
  A chaos spawn (Abyss:2)
  4 small abominations (Abyss:2)
  3 swamp worms (D:10)
  3 water moccasins (Lair:1)
  2 porcupines
  2 orc warriors
  2 ice beasts
  2 sky beasts (D:9)
  4 ogres
  4 wolves
  4 centaurs
  5 crocodiles
  A gnoll sergeant (D:10)
  9 bullfrogs
  6 scorpions
  2 water moccasin skeletons
  11 killer bees
  5 wights (D:7)
  A lava snake (Lair:2)
  2 crimson imps
  5 quasits
  5 orc wizards
  Crazy Yiuf (D:7)
  4 bullfrog skeletons
  2 centaur skeletons
  10 hounds
  2 orc priests
  Jessica (D:2)
  8 iguanas
  10 worker ants
  8 adders
  27 gnolls
  A shadow imp (D:10)
  A white imp (Abyss:2)
  4 worms
  A dart slug (D:3)
  7 leopard geckos
  37 orcs
  A ball python (D:4)
  8 giant cockroaches
  18 goblins
  11 hobgoblins
  10 jackals
  10 kobolds
  2 quokkas
  6 bats
  6 frilled lizards
  A jackal skeleton (D:8)
  A leopard gecko skeleton (D:8)
  10 rats
  A fungus (Lair:1)
340 creatures vanquished.

Vanquished Creatures (others)
  A swamp worm (D:10)
  8 plants
9 creatures vanquished.

Grand Total: 349 creatures vanquished

Notes
Turn   | Place    | Note
-------+----------+-------------------------------------------
     0 | D:1      | Bluestream the Minotaur Berserker began the quest for the
                  | Orb.
     0 | D:1      | Reached XP level 1. HP: 19/19 MP: 0/0
   278 | D:1      | Reached XP level 2. HP: 27/27 MP: 1/1
   780 | D:2      | Noticed Jessica
   784 | D:2      | Killed Jessica
   784 | D:2      | Reached XP level 3. HP: 33/33 MP: 2/2
  1039 | D:2      | Reached ** piety under Trog
  1256 | D:2      | Reached XP level 4. HP: 40/41 MP: 3/3
  1425 | D:2      | Found a faded altar of an unknown god.
  1884 | D:3      | Reached skill level 5 in Fighting
  1885 | D:3      | Reached XP level 5. HP: 29/48 MP: 4/4
  2214 | D:3      | Reached skill level 5 in Maces & Flails
  2490 | D:3      | Reached *** piety under Trog
  2866 | D:3      | Noticed an ogre
  2877 | D:3      | Killed an ogre
  2877 | D:3      | Reached XP level 6. HP: 32/57 MP: 5/5
  3745 | D:4      | Reached XP level 7. HP: 54/64 MP: 6/6
  4090 | D:4      | Found a staircase to the Ecumenical Temple.
  4197 | D:5      | Entered Level 5 of the Dungeon
  4400 | D:5      | Reached **** piety under Trog
  4484 | D:5      | Found a shattered altar of Ashenzari.
  4485 | D:5      | Found a glowing silver altar of Zin.
  4744 | D:5      | Reached skill level 5 in Armour
  4744 | D:5      | Reached XP level 8. HP: 58/73 MP: 7/7
  5520 | D:5      | Found a burning altar of Makhleb.
  5807 | D:6      | Reached skill level 5 in Dodging
  5809 | D:6      | Found Tybisom's Book Shoppe.
  6082 | D:6      | Found a shimmering blue altar of Sif Muna.
  6109 | D:6      | Found a sacrificial altar of Ru.
  6338 | D:7      | Found a runed translucent door.
  6343 | D:7      | Noticed Crazy Yiuf
  6350 | D:7      | Killed Crazy Yiuf
  6470 | D:7      | Reached XP level 9. HP: 43/83 MP: 8/8
  6942 | D:7      | Noticed Joseph
  6954 | D:7      | Killed Joseph
  7038 | D:7      | Reached ***** piety under Trog
  7244 | D:7      | Reached skill level 10 in Fighting
  7252 | D:7      | Reached skill level 10 in Maces & Flails
  7660 | D:8      | Found a staircase to the Lair.
  7709 | D:8      | Found a sparkling altar of Nemelex Xobeh.
  7996 | D:8      | Reached XP level 10. HP: 85/94 MP: 9/9
  8188 | D:8      | Received a gift from Trog
  8450 | D:9      | Noticed a two-headed ogre
  8458 | D:9      | Killed a two-headed ogre
 10158 | D:9      | Noticed Maurice
 10197 | D:9      | Killed Maurice
 10551 | D:9      | Killed an unseen horror
 10732 | D:10     | Entered Level 10 of the Dungeon
 11348 | D:10     | Noticed a two-headed ogre
 11359 | D:10     | Killed a two-headed ogre
 11359 | D:10     | Reached XP level 11. HP: 84/104 MP: 10/10
 12753 | D:11     | Found a gate leading to a gauntlet.
 12838 | Lair:1   | Entered Level 1 of the Lair of Beasts
 12919 | D:8      | Received a gift from Trog
 14429 | Lair:2   | Found a dark tunnel.
 14463 | Volcano  | Entered a volcano
 14470 | Volcano  | Noticed a wizard
 14478 | Volcano  | Killed a wizard
 14530 | Volcano  | Noticed a wizard
 14541 | Volcano  | Killed a wizard
 14583 | Volcano  | Noticed a +2 mace of flaming
 14598 | Volcano  | Killed a +2 mace of flaming
 14598 | Volcano  | Reached XP level 12. HP: 115/115 MP: 11/11
 14678 | Volcano  | Cast into level 2 of the Abyss (a wizard)
 14877 | Abyss:2  | Got an ancient chain mail
 14888 | Abyss:2  | Identified the +7 chain mail of Awnomekk {Str+4 Int+4
                  | Dex-3} (You found it on level 2 of the Abyss)
 14901 | Abyss:2  | Reached skill level 10 in Armour
 14904 | Abyss:2  | Noticed a brown very ugly thing
 14917 | Abyss:2  | Killed a brown very ugly thing
 14917 | Abyss:2  | Received a gift from Trog
 14921 | Abyss:2  | Got a faintly glowing great mace {god gift}
 14923 | Abyss:2  | Identified the +7 great mace of the Dozen Songs {crush,
                  | Stlth+} (Trog gifted it to you on level 2 of the Abyss)
 14948 | Abyss:2  | Noticed a starcursed mass
 15131 | Abyss:2  | Noticed a great orb of eyes
 15170 | Abyss:2  | Noticed a tentacled starspawn
 15174 | Abyss:2  | Killed a tentacled starspawn
 15227 | Abyss:2  | Killed a great orb of eyes
 15266 | Abyss:2  | Noticed a blizzard demon
 15289 | Abyss:2  | Killed from afar by a blizzard demon

Levels and vault maps discovered:
D:1:      dpeg_arrival_rooms_with_view, layout_basic
D:2:      layout_basic, chequers_ecumenical_altar_grove, uniq_jessica
D:3:      corexii_shack_village, layout_basic, first_ration,
          hangedman_decor_slide_cut, minmay_ogre_servants
D:4:      layout_loops_ring, minmay_temple_entry_nine_rooms
D:5:      minmay_general_purpose_star, layout_layer_cave,
          makhleb_blood_cavern_becter, gammafunk_temple_overflow_statue
D:6:      layout_rooms, kennysheep_little_box, led_sif_book, serial_shops,
          shop_fountains
D:7:      layout_basic, grunt_livestock, uniq_crazy_yiuf_cottage, uniq_joseph
D:8:      layout_rooms, overflow_temple_1_default, lair_entry_dummy,
          minmay_lizard_king
D:9:      layout_layer_cave, uniq_maurice
D:10:     layout_rooms, hangedman_decor_opposing, minmay_tree_intersection,
          hex_tiny, skrybe_limestone_x, worms_lemuel
D:11:     layout_gridville, gauntlet_entry_generic, tso_altar, uniq_josephine
Lair:1:   layout_cave_pods
Lair:2:   layout_gridlike, nicolae_volcano_entry_lava_flow
Abyss:2:  base: D:15, hangedman_abyss_exit_choices
Volcano:  volcano_bunker

Skill      XL: |  1  2  3  4  5  6  7  8  9 10 11 12 |
---------------+-------------------------------------+-----
Fighting       | 4 5 6 7 9 10 12 13 14 | 14.6
Maces & Flails | 4 5 6 7 8 10 12 13 14 | 14.5
Armour         | 3 4 5 6 7 8 9 10 | 10.6
Dodging        | 3 4 5 6 7 9 |  9.8

Action                   |  1- 3 |  4- 6 |  7- 9 | 10-12 || total
-------------------------+-------+-------+-------+-------++-------
Melee: Mace              |    59 |   162 |   130 |   501 ||   852
       Headbutt          |     7 |    29 |    44 |   120 ||   200
       Morningstar       |       |       |   141 |       ||   141
       Unarmed           |       |       |       |     1 ||     1
       Great mace        |       |       |       |    35 ||    35
       Demon whip        |       |       |       |    35 ||    35
Invok: Berserk           |     1 |       |     9 |    16 ||    26
  Use: Scroll            |     3 |     7 |     5 |     7 ||    22
       Potion            |       |       |       |     6 ||     6
 Stab: Sleeping          |       |     5 |       |       ||     5
  Eat: Chunk             |     2 |     8 |    19 |    14 ||    43
       Ration            |       |       |     1 |     7 ||     8
Armor: Animal skin       |     6 |       |       |       ||     6
       Leather armour    |     5 |    19 |       |       ||    24
       Plate armour      |       |    54 |   191 |   381 ||   626
       Ring mail         |       |     8 |       |     4 ||    12
       Chain mail        |       |       |       |    44 ||    44
Dodge: Dodged            |    50 |    84 |   157 |   288 ||   579
